Map: Tokamak LE

Players

Sindyr - Winner!

  • Race: Zerg Zerg
  • League: Master
  • Spawn Location: 1:00

Karanox

  • Race: Terran Terran
  • League: Master
  • Spawn Location: 7:00

VOD

Have the link to the VOD?

Description

Time

  • Played on: Oct. 31, 2025, 2:52 p.m.
  • Length: 15:16
Show
View Real Time Build Order
Export as new Build Order

Sindyr Zerg - Winner!

Build Orders: Pool First 

Get SALT Encoding   

  12  0:02  Drone  
  13  0:08  Drone  
  14  0:16  Overlord  
  14  0:22  Extractor  
  14  0:24  Drone  
  14  0:29  Extractor  
  14  0:35  Drone  
  16  0:45  Spawning Pool  
  16  0:47  Drone  
  16  0:54  Extractor  
  16  0:56  Drone  
  16  1:11  Drone  
  17  1:18  Hatchery  
  16  1:24  Drone  
  17  1:28  Drone  
  18  1:38  Queen  
  20  1:43  Drone  
  21  1:50  Overlord  
  21  2:01  Metabolic Boost  
  21  2:05  Drone  
  22  2:12  Drone  
  25  2:34  Queen  
  25  2:40  Lair  
  25  2:44  Roach Warren  
  25  2:45  Evolution Chamber  
  25  2:46  Zergling x2  
  25  2:47  Zergling x2  
  25  2:50  Zergling x2  
  25  3:13  Drone x4  
  25  3:14  Drone  
  25  3:15  Drone x2  
  32  3:24  Drone  
  33  3:31  Zerg Missile Weapons Level 1  
  33  3:36  Drone x3  
  33  3:38  Extractor  
  35  3:52  Glial Reconstitution  
  35  4:00  Drone, Overlord  
  35  4:02  Overlord  
  36  4:16  Overlord  
  36  4:18  Queen  
  36  4:19  Drone x3  
  36  4:20  Drone  
  42  4:39  Drone x6  
  42  4:44  Roach x2  
  52  4:46  Hatchery  
  52  4:47  Roach  
  53  4:58  Extractor  
  52  5:00  Extractor  
  52  5:04  Roach x2  
  52  5:05  Roach x2  
  59  5:09  Roach  
  57  5:17  Zergling x6  
  57  5:18  Zergling x2  
  51  5:25  Roach x4  
  52  5:29  Zergling x2  
  52  5:33  Queen  
  51  5:38  Roach  
  51  5:40  Drone  
  54  5:51  Drone x2  
  54  5:52  Zerg Missile Weapons Level 2  
  56  5:59  Overlord  
  56  6:03  Evolution Chamber  
  55  6:09  Queen  
  57  6:13  Drone x2  
  57  6:15  Drone, Overlord  
  57  6:16  Overlord  
  60  6:34  Zerg Ground Armor Level 1  
  60  6:41  Drone  
  60  6:42  Drone  
  60  6:43  Infestation Pit  
  60  6:45  Drone x3  
  64  6:50  Infestation Pit  
  64  6:53  Roach x2  
  64  6:54  Roach x2, Zergling x2  
  73  7:05  Drone x2  
  75  7:09  Zergling x2  
  75  7:10  Zergling x2  
  75  7:13  Hatchery, Roach  
  78  7:20  Overseer  
  78  7:32  Hive  
  78  8:21  Pneumatized Carapace  
  78  8:30  Zerg Ground Armor Level 2  
  78  8:35  Overlord x3  
  78  8:36  Hydralisk Den  
  78  8:39  Queen  
  79  8:41  Drone x2  
  79  8:42  Drone x4  
  79  8:43  Drone  
  79  8:45  Roach x2  
  90  8:49  Zerg Missile Weapons Level 3  
  83  9:03  Zergling x2  
  83  9:04  Zergling x22, Roach  
  83  9:05  Roach  
  83  9:08  Zergling x2, Roach x2  
  85  9:14  Hydralisk x4  
  85  9:15  Roach  
  82  9:35  Drone x7  
  89  9:44  Overseer  
  89  10:00  Extractor  
  89  10:02  Extractor  
  87  10:07  Hatchery, Muscular Augments  
  86  10:22  Zergling x8, Roach x2  
  86  10:23  Roach x6, Zergling x8  
  110  10:37  Spine Crawler, Overlord  
  110  10:38  Overlord, Spine Crawler  
  93  10:46  Roach x5  
  93  10:48  Zergling x4  
  93  10:49  Zergling x2  
  96  10:57  Drone x4  
  96  10:58  Drone  
  96  11:03  Roach x2  
  101  11:10  Zerg Ground Armor Level 3  
  101  11:11  Grooved Spines  
  101  11:24  Drone x3  
  104  11:27  Queen  
  106  11:40  Drone x3  
  106  11:41  Drone x10  
  106  11:45  Overlord  
  119  11:47  Zerg Melee Weapons Level 1  
  119  11:52  Adrenal Glands  
  119  12:02  Overlord x2  
  119  12:30  Drone x5  
  119  12:31  Drone  
  125  12:52  Extractor  
  124  13:08  Hydralisk  
  124  13:09  Roach x2  
  124  13:10  Roach x6  
  146  13:20  Overlord x5  
  146  13:21  Overlord x2  
  146  13:26  Hydralisk  
  139  13:27  Roach x2  
  139  13:30  Hydralisk  
  146  13:47  Hydralisk x2  
  146  13:48  Roach x10  
  143  13:49  Roach  
  143  13:51  Unknown  
  138  13:57  Hydralisk  
  124  14:11  Hydralisk  
  124  14:12  Roach x2  
  124  14:14  Hatchery  
  100  14:17  Hydralisk x3, Roach  
  89  14:26  Hydralisk x2, Roach x2  
  97  14:33  Zergling x2  
  84  14:49  Hatchery  
  83  15:01  Drone  
  83  15:02  Drone x3, Hatchery  
Show
View Real Time Build Order
Export as new Build Order

Karanox Terran 

Build Orders:  

Get SALT Encoding   

  12  0:00  SCV  
  13  0:12  SCV  
  14  0:18  Supply Depot  
  14  0:25  SCV  
  15  0:39  SCV  
  15  0:41  Barracks  
  16  0:49  Refinery  
  16  0:51  SCV  
  17  1:03  SCV  
  18  1:08  Barracks  
  18  1:15  SCV  
  19  1:25  Refinery  
  19  1:28  SCV  
  20  1:33  Reaper  
  21  1:40  SCV  
  21  1:41  Supply Depot  
  22  1:52  SCV  
  22  1:54  Barracks  
  23  2:10  Barracks Tech Lab, Marine  
  23  2:14  SCV  
  25  2:26  SCV  
  25  2:27  Factory  
  25  2:28  Marine  
  27  2:50  Marine  
  27  2:51  Marauder, Marine  
  31  2:56  Barracks  
  31  3:17  Supply Depot  
  31  3:20  Supply Depot  
  31  3:22  Engineering Bay  
  31  3:29  Factory Tech Lab  
  31  3:38  Marine x3  
  34  3:52  Marine  
  34  3:56  Siege Tank, Marauder  
  39  4:03  Terran Infantry Weapons Level 1  
  39  4:06  Combat Shield  
  39  4:10  Marine  
  39  4:12  Marine  
  41  4:21  Orbital Command  
  41  4:48  Command Center  
  41  4:49  SCV  
  32  5:41  Marine x3, Marauder  
  30  5:43  Siege Tank  
  33  5:51  Command Center  
  33  5:58  Barracks  
  33  6:00  Barracks  
  33  6:02  Barracks  
  33  6:07  Barracks  
  33  6:09  Terran Infantry Armor Level 1  
  33  6:13  Marine  
  34  6:18  SCV  
  34  6:25  Concussive Shells  
  35  6:27  Marine  
  35  6:30  SCV  
  37  6:35  Starport  
  37  6:41  Hellion  
  37  6:42  Marine  
  40  6:53  Orbital Command  
  40  6:58  Marine x2  
  40  6:59  Marine  
  43  7:05  Supply Depot  
  43  7:11  Stimpack  
  43  7:21  SCV  
  44  7:25  Medivac  
  44  7:27  Marine x2  
  48  7:33  SCV  
  47  7:42  Marine x3  
  50  7:45  Marine x2  
  50  7:51  Siege Tank  
  55  7:52  SCV  
  55  7:55  Medivac  
  58  7:59  Marine  
  58  8:00  Marine x2  
  58  8:01  SCV  
  58  8:05  SCV  
  63  8:07  SCV  
  63  8:11  Marine  
  63  8:12  Marine  
  65  8:13  SCV, Marine  
  65  8:17  SCV  
  65  8:19  SCV  
  70  8:25  SCV  
  71  8:29  SCV  
  72  8:34  Marine  
  72  8:35  Marine x2  
  72  8:36  Marauder, Marine x2  
  72  8:37  Marine x2  
  81  8:49  Armory  
  81  8:57  Marauder  
  81  8:59  Factory  
  81  9:01  Factory  
  83  9:03  Barracks  
  79  9:18  Marauder  
  71  9:36  Marine x3  
  71  9:37  Marine x2  
  71  9:38  Marine, Thor  
  77  9:45  Terran Vehicle Weapons Level 1  
  83  9:46  Viking  
  83  9:51  Factory Tech Lab  
  83  9:52  Factory Tech Lab, Barracks Tech Lab  
  85  10:03  Barracks Tech Lab  
  85  10:09  Orbital Command  
  85  10:12  Refinery  
  85  10:13  Refinery  
  85  10:18  Terran Infantry Weapons Level 2  
  85  10:35  Bunker  
  85  10:38  Viking  
  85  10:41  Thor  
  82  10:42  Thor  
  66  11:02  Marine x3  
  66  11:03  Marine, Thor  
  70  11:14  Marine x5  
  75  11:19  Supply Depot  
  75  11:20  Marine x3  
  75  11:22  Supply Depot  
  78  11:28  Command Center  
  78  11:32  Marine x3  
  81  11:33  SCV  
  82  11:42  Refinery  
  82  11:45  SCV  
  83  11:50  Thor  
  89  11:55  Siege Tank  
  89  11:59  Marine x2  
  94  12:08  Marine  
  94  12:09  Marine x5  
  100  12:36  Command Center  
  100  12:39  Marauder x2  
  104  12:56  Thor  
  104  12:57  Medivac  
  112  13:00  Marine  
  112  13:01  Marine, Marauder  
  113  13:27  Medivac  
  109  13:44  Marine  
  109  13:45  Marine x4  
  109  13:47  Marine  
  16  15:02  SCV  
Tags
 
Matchup
TvZ
Opening
Pool First
Replay Pack
Multiplayer
Spawn Locations
Cross Positions
Add a new tag
Caveats
  • Supply blocks, unpowered buildings, or Contaminate may cause inaccurate times.
  • Supply counts are checked every 10 seconds.